AoeStats
← [WaW] Vinncce

African Clearing

505313482Analyzed
3v3 RM · 22d ago on Sep 8, 2026· 52m 20s· 6 players
Game mode
Random Map
Map size
Normal (6 player)
Population
200
Speed
Normal
Resources
Standard
Victory
Conquest
Starting age
Dark Age
Ending age
Imperial Age
RankedLock teamsTeams togetherTeam positionsShared explorationLock speedFull tech treeHidden civsTurbo modeCheats
Victory
Defeat
🇹🇷 Huns · Türkiye
1091
+14
🇹🇷 Britons · Türkiye
1026
+16
🇹🇷 Persians · Türkiye
960
+19
🇨🇱 Spanish · Chile
1088
-18
🇩🇰 Wu · Denmark
1029
-16
🇺🇸 Vikings · United States
991
-15
[WaW] Vinncce
8:20 Loom
15:44 Feudal Age
24:28 Castle Age
23:50 Scale Barding Armor
24:16 Double-Bit Axe
31:00 Scale Mail Armor
32:30 Scale Barding Armor
32:40 Chain Mail Armor
33:03 Bow Saw
32:34 Horse Collar
37:16 Chain Barding Armor
38:56 Forging
40:13 Light Cavalry
44:01 Imperial Age
44:29 Heavy Plow
45:17 Ballistics
44:22 Elite Skirmisher
49:03 Chemistry
48:04 Padded Archer Armor
47:55 Fletching
48:26 Cavalier
50:08 Leather Archer Armor
51:52 Conscription
53:00 Ring Archer Armor
propz
6:03 Loom
13:07 Feudal Age
13:33 Double-Bit Axe
16:54 Wheelbarrow
31:18 Castle Age
31:21 Forging
31:11 Scale Mail Armor
31:11 Horse Collar
32:05 Squires
31:51 Arson
33:37 Heavy Plow
36:20 Gold Mining
38:35 Chain Mail Armor
40:08 Iron Casting
40:52 Bow Saw
49:11 Hand Cart
48:50 Town Watch
ernesto010294
2:57 Loom
15:29 Feudal Age
19:43 Castle Age
17:56 Double-Bit Axe
19:00 Stone Mining
37:01 Husbandry
37:45 Wheelbarrow
36:56 Town Watch
39:33 Padded Archer Armor
40:11 Scale Barding Armor
48:10 Elite Skirmisher
Muvahhid
3:19 Loom
13:08 Feudal Age
13:52 Double-Bit Axe
15:57 Gold Mining
19:16 Horse Collar
24:15 Castle Age
22:55 Fletching
23:06 Padded Archer Armor
24:29 Crossbowman
25:19 Fletching
25:30 Padded Archer Armor
31:43 Imperial Age
30:35 Bodkin Arrow
30:55 Leather Archer Armor
33:06 Ballistics
32:41 Arbalester
39:21 Chemistry
38:41 Leather Archer Armor
38:29 Bracer
42:11 Yeomen
46:12 Wheelbarrow
48:38 Leather Archer Armor
Kanuni_ibrahim_dede
13:22 Feudal Age
12:24 Loom
27:29 Castle Age
32:06 Kamandaran
32:10 Crossbowman
37:02 Double-Bit Axe
40:53 Fletching
42:02 Bow Saw
43:04 Thumb Ring
43:38 Wheelbarrow
44:35 Bodkin Arrow
44:41 Padded Archer Armor
45:18 Hand Cart
51:15 Leather Archer Armor
55:10 Imperial Age
KaraBey't
12:50 Loom
14:36 Feudal Age
15:48 Double-Bit Axe
19:52 Castle Age
18:40 Stone Mining
19:39 Bloodlines
25:40 Horse Collar
26:54 Wheelbarrow
28:58 Bow Saw
30:30 Hand Cart
31:16 Scale Barding Armor
31:08 Fletching
31:19 Padded Archer Armor
33:18 Bodkin Arrow
35:42 Leather Archer Armor
37:47 Heavy Plow
43:58 Imperial Age
41:48 Husbandry
41:11 Light Cavalry
42:26 Scale Barding Armor
42:32 Forging
43:38 Chain Barding Armor
43:43 Ballistics
43:34 Masonry
45:43 Chemistry
44:44 Bracer
45:20 Iron Casting
46:00 Conscription
47:15 Parthian Tactics
46:57 Thumb Ring
47:02 Heavy Cavalry Archer
52:31 Gold Mining
Connection lost

Rejoining the realm…

Still unreachable

The connection could not be restored.

Session expired

The server has moved on; the page needs a fresh start.